 Dungeon Crawl Stone Soup version 0.31-a0-38-g1548c4f2a5 (webtiles) character file.

Game seed: 17502979245483484859

144426 BlueFish the Fetichist (level 16, -1/144 HPs)
             Began as a Yellow Draconian Artificer on May 16, 2023.
             Was the Champion of the Shining One.
             Slain by a spriggan rider
             ... wielding a +0 spear
              (13 damage)
             ... on level 3 of the Swamp on May 17, 2023.
             The game lasted 01:47:18 (43099 turns).

BlueFish the Fetichist (DrAr)                      Turns: 43099, Time: 01:47:18

Health: -1/144     AC: 18    Str: 19    XL:     16   Next: 85%
Magic:  22/25      EV: 16    Int: 19    God:    the Shining One [******]
Gold:   2200       SH:  0    Dex: 11    Spells: 15/15 levels left

rFire   . .          .
                       - Unarmed
rCold   + + +        (no shield)
rNeg    + + +        (body armour unavailable)
rPois   .            r - +2 hat {Int+3}
rElec   .            K - +0 cloak {rC+}
rCorr   +            v - +2 pair of gloves
SInv    .            N - +2 pair of boots
Will    +....        C - amulet of magic regeneration
Stlth   ++           a - ring of protection from cold
HPRegen 0.44/turn    x - ring of protection from cold
MPRegen 0.59/turn

%: no passive effects
@: glowing
A: spit acid, AC +9, unfitting armour, acidic bite, cold-blooded, acid
resistance
a: Breathe Acid, Renounce Religion, Divine Shield, Cleansing Flame, Summon
Divine Warrior, Brand Weapon With Holy Wrath


You were on level 3 of the Swamp.
You worshipped the Shining One.
The Shining One was exalted by your worship.
You visited 6 branches of the dungeon, and saw 27 of its levels.
You also visited: Gauntlet and Ice Cave.

You collected 2622 gold pieces.
You spent 422 gold pieces at shops.

Inventory:

Armour
 r - a +2 hat of intelligence (worn)
 v - a +2 pair of gloves (worn)
 z - a +2 cloak
 K - a +0 cloak of cold resistance (worn)
 N - a +2 pair of boots (worn)
 Q - the +0 pair of gloves "Danuett" {Will+}
   (You found it in a Gauntlet)

   Will:      It increases your willpower.
Jewellery
 a - a ring of protection from cold (left hand)
 f - an amulet of guardian spirit
 i - a ring of ice
 j - a +6 ring of intelligence
 o - a ring of ice
 p - a +4 ring of protection
 x - a ring of protection from cold (right hand)
 A - a ring of willpower
 B - a +4 ring of protection
 C - an amulet of magic regeneration (around neck)
 E - a ring of magical power
 F - a ring of protection from fire
 T - a +5 ring of evasion
Wands
 b - a wand of flame (54) (quivered)
 c - a wand of charming (30)
 d - a wand of iceblast (28)
 u - a wand of digging (33)
 y - a wand of mindburst (12)
 M - a wand of light (16)
 O - a wand of polymorph (13)
Scrolls
 e - 10 scrolls of fear
 h - 6 scrolls of amnesia
 k - 2 scrolls of teleportation
 s - 8 scrolls of vulnerability
 w - 2 scrolls of silence
 G - 2 scrolls of blinking
 H - 7 scrolls of poison
 I - 3 scrolls of butterflies
 L - 3 scrolls of enchant armour
 V - 7 scrolls of identify
 X - 2 scrolls of fog
Potions
 g - 8 potions of mutation
 l - a potion of might {unknown}
 m - 6 potions of attraction
 n - 6 potions of curing
 q - 4 potions of haste
 t - 3 potions of ambrosia
 D - 2 potions of berserk rage
 J - 4 potions of brilliance
 P - 6 potions of lignification
 R - a potion of heal wounds
 W - a potion of invisibility
Miscellaneous
 S - a condenser vane


   Skills:
 + Level 13.6 Fighting
 - Level 4.8 Maces & Flails
 + Level 11.7 Dodging
 + Level 12.5 Stealth
 + Level 12.7 Unarmed Combat
 + Level 12.3 Invocations
 * Level 17.8 Evocations


You had 15 spell levels left.
You didn't know any spells.
Your spell library contained the following spells:

 Spells                   Type           Power      Damage    Failure   Level
 Apportation              Tloc           0%         N/A       21%         1
 Foxfire                  Conj/Fire      0%         2x1d4     21%         1
 Necrotise                Necr           0%         1d4       21%         1
 Sandblast                Erth           0%         2d4       21%         1
 Slow                     Hex            0%         N/A       21%         1
 Summon Small Mammal      Summ           0%         N/A       21%         1
 Ensorcelled Hibernation  Hex/Ice        0%         N/A       30%         2
 Passwall                 Tmut/Erth      0%         N/A       30%         2
 Confusing Touch          Hex            0%         N/A       52%         3
 Hailstorm                Conj/Ice       0%         3d3       52%         3
 Spider Form              Tmut/Pois      0%         N/A       52%         3
 Stone Arrow              Conj/Erth      0%         3d7       52%         3
 Summon Guardian Golem    Hex/Summ       0%         N/A       52%         3
 Vampiric Draining        Necr           0%         2d6       52%         3
 Volatile Blastmotes      Fire/Tloc      0%         2d10      52%         3
 Anguish                  Hex/Necr       0%         N/A       90%         4
 Fulminant Prism          Conj/Hex       0%         3d5       90%         4
 Ice Form                 Ice/Tmut       0%         N/A       90%         4
 Iskenderun's Mystic Bla  Conj/Tloc      0%         2d3       90%         4
 Summon Lightning Spire   Summ/Air       0%         N/A       90%         4
 Fireball                 Conj/Fire      0%         3d3       99%         5
 Lee's Rapid Deconstruct  Erth           0%         3d4*      99%         5
 Plasma Beam              Fire/Air       0%         2x1d11    100%        6
 Simulacrum               Ice/Necr       0%         N/A       100%        6
 Starburst                Conj/Fire      0%         6d3       100%        6
 Orb of Destruction       Conj           0%         9d5       100%        7
 Spellforged Servitor     Conj/Summ      0%         N/A       100%        7
 Storm Form               Tmut/Air       0%         N/A       100%        7
 Maxwell's Capacitive Co  Air            0%         ∞         100%        8


Dungeon Overview and Level Annotations

Branches:
Dungeon (15/15)            Temple (1/1) D:6            Lair (5/5) D:9
  Swamp (3/4) Lair:3        Snake (0/4) Lair:3        Slime (1/5) Lair:5
    Orc (2/2) D:12            Elf (0/3) Orc:2        Vaults (0/5) D:13
 Depths (0/4) D:15          IceCv (visited)         Gauntlet (visited)

Altars:
Ashenzari
Cheibriados
Dithmenos
Elyvilon
Fedhas
Gozag
Hepliaklqana
Kikubaaqudgha
Makhleb
Nemelex Xobeh
Okawaru
Qazlal
Ru
Sif Muna
Trog
Uskayaw
Vehumet
Wu Jian
Xom
Yredelemnul
Zin
The Shining One
Lugonu

Shops:
D:3 !   D:4 *   D:9 ![*[(   D:12 !(?   D:13 (   Orc:2 [[?(

Annotations:
D:11 1 runed translucent door, greatdavid's ghost, journeyman DsBe
D:12 2 transporters
Lair:1 1 runed translucent door, billz999's ghost, journeyman DjIE


Innate Abilities, Weirdness & Mutations

You can spit globs of acid.
Your golden yellow scales are hard. (AC +9)
You cannot fit into any form of body armour.
You have acidic saliva.
You are cold-blooded and may be slowed by cold attacks.
You are resistant to acid. (rCorr)


Message History

The hornet is moderately wounded.
The spriggan rider misses you. The hornet stings you.
You feel yourself slow down. The spriggan rider closely misses you.
You punch the hornet!
The hornet is severely wounded.
You feel yourself speed up. The hornet stings you.
You feel yourself slow down.
A spriggan rider comes into view. It is wielding a +0 spear.
The spriggan rider completely misses you.
The spriggan rider hits you from afar with a +0 spear!!
* * * LOW HITPOINT WARNING * * *
The spriggan rider shouts!
You pummel the hornet!!
You kill the hornet!
The spriggan rider throws a stone.
The stone barely misses you.
The spriggan rider hits you from afar with a +0 spear.
* * * LOW HITPOINT WARNING * * *
The spriggan rider hits you from afar with a +0 spear!
* * * LOW HITPOINT WARNING * * *
You can't do that yet.
Activating: Cleansing Flame (1% risk of failure)
Press: ? - help, Dir - look around, f - activate The golden flame engulfs you but does no damage.
The golden flame engulfs the spriggan rider!!
The spriggan rider is moderately wounded.
The golden flame engulfs the spriggan rider!!!
You kill the hornet!
As its mount dies, the spriggan plunges down into deep water and drowns!
You kill the spriggan!
You hear a splash.
The spriggan rider hits you from afar with a +0 spear!
* * * LOW HITPOINT WARNING * * *
The spriggan rider throws a stone.
The stone hits you.
* * * LOW HITPOINT WARNING * * *
The spriggan rider hits you from afar with a +0 spear.
* * * LOW HITPOINT WARNING * * *
You feel yourself speed up.
You have got your breath back.
The spriggan rider hits you from afar with a +0 spear!
You die...

**,*~,.♣.≈≈≈≈≈≈...~~~..♣ ♣.~~..
*,,~,.~....≈≈≈≈≈..~~~..♣♣ ♣~.♣.~
**,,,....>≈≈≈≈≈≈...~~...♣ ♣~.♣.~
,*,,,.~...≈≈≈≈≈≈....♣♣~♣♣ ♣...~♣
,,,,,....≈≈≈≈≈≈≈.~..♣♣♣♣ ♣~~~.~
,,,~,~~..≈≈≈≈≈≈≈).†~.♣.♣♣ ♣♣..~♣.
,,~*~....≈≈i≈≈.i~~♣..~..♣♣♣.~~..~
,,,,*.~.~.≈≈≈..♣.♣♣♣...~♣♣..~~~~~
,,,,~..~~♣...♣♣♣@.♣♣♣♣.~^..♣.~~♣~
,,,~,.........♣♣♣.♣♣ ♣♣...~~.~♣..
,~~~,.~♣.♣.~.~♣♣.♣.♣ ♣♣....~.~~.♣
~,,,~,,♣*♣♣♣.♣♣♣♣..♣♣♣..~~♣~.~~~.
~,~,~,,,* ♣♣.♣♣ ♣♣~§♣..~♣~♣♣♣..~♣
,,,,,,~,* ♣~~.♣ ♣.....~.~§~~~~<♣
**~*,,,~* ♣♣.~♣ ♣.~~.~♣~~~♣~~~~~
*****,** ♣♣~♣♣ ♣♣..♣♣♣.~~~~~~~~
*** ♣..♣♣♣♣.<♣ ♣♣.♣~~~~~.


You could see a spriggan rider.

Vanquished Creatures
  A tentacled monstrosity (Swamp:3)
  Gastronok (D:12)
  An orc warlord (Orc:1)
  Louise (Swamp:2)
  4 eleionomae
  2 bunyips (Swamp:2)
  A minotaur (Gauntlet)
  Snorg (Lair:5)
  An ettin (D:15)
  A great orb of eyes (Lair:5)
  The ghost of Sabo the Carver, a journeyman VSFi of Makhleb (Orc:2)
  Erolcha (Orc:2)
  A ghost crab (Swamp:2)
  8 hydras
  3 ogre magi
  A spriggan air mage (Swamp:2)
  5 centaur warriors
  A catoblepas (Lair:5)
  9 alligators
  9 two-headed ogres
  6 death yaks
  3 boulder beetles
  3 tengu warriors
  A hell knight (D:15)
  Sonja (D:11)
  A deep elf knight (D:13)
  Amaemon (D:8)
  4 skysharks
  5 goliath frogs
  4 skeletal warriors
  3 spriggan simulacra (IceCv)
  2 bog bodies
  A deep troll (D:15)
  An obsidian statue (IceCv)
  A spriggan druid (Swamp:3)
  A wizard (D:15)
  Pikel (D:4)
  2 deep elf pyromancers
  2 orc knights
  7 orc sorcerers
  2 deep elf zephyrmancers (D:13)
  A necromancer (D:15)
  6 manticores
  4 cyclopes
  14 ugly things
  A salamander (Lair:3)
  3 elephants
  4 centaur skeletons (D:13)
  A torpor snail (Lair:5)
  3 black mambas
  11 cane toads
  Psyche (D:8)
  An orange demon (D:8)
  Maggie (D:8)
  3 kobold demonologists
  An ice devil (IceCv)
  9 freezing wraiths (IceCv)
  2 rime drakes
  2 unseen horrors
  A tengu conjurer (D:14)
  7 komodo dragons
  An anaconda simulacrum (IceCv)
  7 polar bears
  7 trolls
  A queen bee (Lair:2)
  A bloated husk (Swamp:3)
  3 meliai (Lair:2)
  3 tyrant leeches
  A polar bear (shapeshifter) (D:14)
  12 dream sheep
  13 hornets
  9 blink frogs
  A centaur simulacrum (D:15)
  17 slime creatures
  Sigmund (D:2)
  2 shadows
  A vampire (D:11)
  22 spriggans
  A spriggan (shapeshifter) (D:15)
  3 water elementals (D:15)
  5 wyverns
  A basilisk (shapeshifter) (D:14)
  57 yaks
  4 wraiths
  2 golden eyes
  4 minotaur simulacra (IceCv)
  2 steam dragons
  12 basilisks
  10 wargs
  A harpy simulacrum (IceCv)
  10 swamp worms
  9 vampire mosquitoes
  10 water moccasins
  A hydra simulacrum (IceCv)
  An acid dragon (D:9)
  A swamp drake (Swamp:1)
  3 ice beasts
  A sky beast (D:7)
  17 orc warriors
  5 black bears
  33 wolves
  An alligator simulacrum (IceCv)
  4 boggarts (Lair:5)
  16 ogres
  17 centaurs
  3 kobold brigands
  2 phantoms (D:6)
  Blork the orc (D:5)
  15 bullfrogs
  3 scorpions
  A gnoll sergeant (D:10)
  4 deep troll simulacra (IceCv)
  20 wights
  38 killer bees
  A lindwurm simulacrum (IceCv)
  11 electric eels
  6 howler monkeys
  4 lava snakes (Lair:3)
  4 jellies
  9 hounds
  A sleepcap (D:8)
  A gnoll bouda (D:7)
  15 orc priests
  2 iguanas
  Ijyb (D:4)
  52 orc wizards
  16 gnolls
  8 adders
  A shadow imp (D:7)
  A white imp (D:7)
  An ufetubus (D:6)
  A worm (D:2)
  2 dart slugs
  102 orcs
  6 ball pythons
  5 endoplasms
  A giant cockroach (D:3)
  4 goblins
  3 hobgoblins
  2 jackals (D:1)
  A quokka (D:1)
  A bat (D:1)
  5 frilled lizards
  30 kobolds
  6 rats
904 creatures vanquished.

Vanquished Creatures (collateral kills)
  A reaper (IceCv)
  A cane toad (Lair:2)
  A freezing wraith (IceCv)
  An ice devil (IceCv)
  A water moccasin (Lair:2)
  An ettin simulacrum (IceCv)
  An orc priest (D:3)
  A gnoll (D:3)
8 creatures vanquished.

Vanquished Creatures (others)
  A bloated husk (Swamp:3)
  A gnoll (D:3)
2 creatures vanquished.

Grand Total: 914 creatures vanquished

Notes
Turn   | Place    | Note
-------+----------+-------------------------------------------
     0 | D:1      | BlueFish the Draconian Artificer began the quest for the
                  | Orb.
     0 | D:1      | Reached XP level 1. HP: 16/16 MP: 1/1
    84 | D:1      | Found a faded altar of an unknown god.
   146 | D:1      | Reached skill level 1 in Stealth
   250 | D:1      | Reached XP level 2. HP: 17/23 MP: 2/2
  1074 | D:2      | Noticed Sigmund
  1202 | D:2      | Reached XP level 3. HP: 28/29 MP: 3/3
  1320 | D:2      | Killed Sigmund
  1321 | D:2      | Reached skill level 4 in Evocations
  1321 | D:2      | Reached XP level 4. HP: 34/38 MP: 4/4
  1321 | D:2      | Reached XP level 5. HP: 40/45 MP: 5/5
  2553 | D:3      | HP: 1/45 [gnoll/+0 halberd (7)]
  2559 | D:3      | Reached XP level 6. HP: 2/51 MP: 1/6
  2937 | D:3      | Found Lowkaez's Distillery.
  2946 | D:3      | Bought a potion of heal wounds for 50 gold pieces
  2946 | D:3      | Bought a potion of heal wounds for 50 gold pieces
  3437 | D:4      | Noticed Pikel
  3542 | D:4      | Killed Pikel
  3543 | D:4      | Reached skill level 5 in Evocations
  3543 | D:4      | Your scales start taking on a golden yellow colour.
  3543 | D:4      | Reached XP level 7. HP: 60/60 MP: 7/7
  3543 | D:4      | Gained mutation: You are resistant to acid. (rCorr) [Yellow
                  | Draconian growth]
  3575 | D:4      | Found a glowing silver altar of Zin.
  3577 | D:4      | Found Zin's Purification Station.
  3692 | D:4      | Reached skill level 1 in Unarmed Combat
  3830 | D:4      | Reached XP level 8. HP: 41/67 MP: 5/8
  4014 | D:4      | Noticed Ijyb
  4031 | D:4      | Killed Ijyb
  4264 | D:4      | Reached skill level 1 in Maces & Flails
  4272 | D:4      | Reached skill level 5 in Fighting
  4522 | D:5      | Entered Level 5 of the Dungeon
  4733 | D:5      | Identified the staff of conjuration "Ucuvviat" {rN+}
  4969 | D:5      | Reached skill level 5 in Dodging
  5000 | D:5      | Noticed Blork the orc
  5014 | D:5      | Killed Blork the orc
  5015 | D:5      | Reached skill level 5 in Stealth
  5371 | D:5      | Reached skill level 6 in Evocations
  5744 | D:5      | Found a hazy altar of Hepliaklqana.
  5746 | D:5      | Found a shadowy altar of Dithmenos.
  5788 | D:6      | Reached XP level 9. HP: 75/75 MP: 9/9
  6572 | D:6      | Found a radiant altar of Vehumet.
  6586 | D:6      | Reached skill level 5 in Unarmed Combat
  6805 | D:6      | Found a staircase to the Ecumenical Temple.
  6810 | Temple   | Entered the Ecumenical Temple
  6834 | Temple   | Became a worshipper of the Shining One
  7363 | D:7      | Reached skill level 1 in Invocations
  8138 | D:7      | Reached * piety under the Shining One
  8145 | D:7      | Reached XP level 10. HP: 76/83 MP: 9/11
  8605 | D:8      | Reached skill level 7 in Evocations
  8632 | D:8      | Noticed Psyche
  8645 | D:8      | Killed Psyche
  8881 | D:8      | Noticed Maggie
  8902 | D:8      | Killed Maggie
  9217 | D:8      | Noticed Amaemon
  9217 | D:8      | Reached ** piety under the Shining One
  9220 | D:8      | Noticed an orange demon
  9237 | D:8      | Killed Amaemon
  9242 | D:8      | Killed an orange demon
  9718 | D:9      | Found Okkebroh's Distillery.
  9736 | D:9      | Reached skill level 5 in Invocations
  9736 | D:9      | Reached skill level 8 in Evocations
  9736 | D:9      | Reached XP level 11. HP: 95/95 MP: 12/15
  9889 | D:9      | Found Keun's Antique Armour Shoppe.
  9916 | D:9      | Noticed a +0 lajatang
  9916 | D:9      | Noticed a +0 rapier
  9917 | D:9      | Found Gaept's Weapon Shop.
  9967 | D:9      | Found a sparkling altar of Nemelex Xobeh.
 10275 | D:9      | Found a blossoming altar of Fedhas.
 10276 | D:9      | Found a shimmering altar of Xom.
 10276 | D:9      | Found a basalt altar of Yredelemnul.
 10368 | D:9      | Found Eshis Yse's General Store.
 10382 | D:9      | Found Qudaiffu's Armour Boutique.
 10384 | D:9      | Found a staircase to the Lair.
 11099 | D:10     | Entered Level 10 of the Dungeon
 11363 | D:10     | Reached XP level 12. HP: 97/103 MP: 14/16
 11788 | D:10     | Reached *** piety under the Shining One
 11934 | D:10     | Identified the +9 trident of Qokor {heavy, rElec Str+2}
 12294 | D:11     | Noticed a two-headed ogre
 12303 | D:11     | Killed a two-headed ogre
 12395 | D:11     | Noticed a boulder beetle
 12806 | D:11     | Found a runed translucent door.
 12808 | D:11     | Noticed greatdavid's ghost (journeyman DsBe)
 12845 | D:11     | Reached skill level 9 in Evocations
 13042 | D:11     | Noticed a two-headed ogre
 13055 | D:11     | Killed a two-headed ogre
 13507 | D:11     | Noticed Sonja
 13520 | D:11     | Killed Sonja
 13853 | Lair:1   | Entered Level 1 of the Lair of Beasts
 14581 | Lair:1   | Found a runed translucent door.
 14581 | Lair:1   | Noticed billz999's ghost (journeyman DjIE)
 15406 | Lair:2   | Found a gate leading to a gauntlet.
 15449 | Gauntlet | Entered a Gauntlet
 15449 | Gauntlet | Noticed a death yak
 15449 | Gauntlet | Noticed a death yak
 15449 | Gauntlet | Noticed a death yak
 15449 | Gauntlet | Noticed a death yak
 15449 | Gauntlet | Found a transporter.
 15449 | Gauntlet | Found a transporter.
 15450 | Gauntlet | Noticed a death yak
 15595 | Gauntlet | Found a transporter.
 15595 | Gauntlet | Found a transporter.
 15598 | Gauntlet | Found a transporter.
 15600 | Gauntlet | Noticed a death scarab
 15611 | Gauntlet | Found a transporter.
 15617 | Gauntlet | Found a transporter.
 15630 | Gauntlet | Noticed a blizzard demon
 15630 | Gauntlet | Reached **** piety under the Shining One
 15632 | Gauntlet | Found a transporter.
 15636 | Gauntlet | Found a transporter.
 15661 | Gauntlet | Found a transporter.
 15869 | Gauntlet | Identified the +0 pair of gloves "Danuett" {Will+}
 15924 | Gauntlet | Identified the staff of fire "Joxoanle" {rF+ Int+2}
 15924 | Gauntlet | Noticed a minotaur
 15950 | Gauntlet | Killed a minotaur
 15958 | Gauntlet | Identified the +1 helmet "Hittisk" {Str+2 Int+4}
 16227 | Lair:2   | Noticed a boulder beetle
 16396 | Lair:2   | Killed a boulder beetle
 16397 | Lair:2   | Reached XP level 13. HP: 56/113 MP: 10/18
 16659 | Lair:2   | Reached skill level 10 in Fighting
 17315 | Lair:2   | Reached skill level 10 in Evocations
 17760 | Lair:2   | Identified a scroll of acquirement
 17761 | Lair:2   | Acquired a manual of Evocations
 17876 | Lair:3   | Found a staircase to the Swamp.
 18258 | Lair:3   | Reached skill level 10 in Unarmed Combat
 18380 | Lair:3   | Found a burning altar of Makhleb.
 18896 | Lair:3   | Found a staircase to the Snake Pit.
 19319 | Lair:4   | You fall into a shaft and drop 1 floor!
 19319 | Lair:5   | Entered Level 5 of the Lair of Beasts
 19342 | Lair:5   | Reached skill level 11 in Evocations
 20786 | Lair:4   | Upgraded the game from 0.31-a0-37-g98a128e1d9 to
                  | 0.31-a0-38-g1548c4f2a5
 21380 | Lair:5   | Reached skill level 10 in Stealth
 21524 | Lair:5   | Noticed Snorg
 21532 | Lair:5   | Killed Snorg
 21548 | Lair:5   | Reached skill level 12 in Evocations
 21582 | Lair:5   | Found a staircase to the Slime Pits.
 21620 | Slime:1  | Entered Level 1 of the Pits of Slime
 21642 | Lair:5   | Paralysed by a great orb of eyes for 4 turns
 21650 | Lair:5   | Paralysed by a great orb of eyes for 2 turns
 21706 | Lair:5   | Gained mutation: You have acidic saliva. [Yellow Draconian
                  | growth]
 21706 | Lair:5   | Reached XP level 14. HP: 38/124 MP: 7/20
 23575 | Lair:5   | Reached skill level 13 in Evocations
 25020 | Lair:5   | Identified the +1 plate armour "Cucs" {rPois Will+ Dex+4}
 25345 | Lair:4   | Reached skill level 10 in Invocations
 25580 | Lair:5   | Reached skill level 10 in Dodging
 25904 | Slime:1  | Noticed an azure jelly
 26202 | D:12     | Found Xedujoq's Distillery.
 26242 | D:12     | Reached skill level 14 in Evocations
 26260 | D:12     | Found Oseck's Magic Scroll Shoppe.
 26320 | D:12     | Reached ***** piety under the Shining One
 26676 | D:12     | Found a transporter.
 26795 | D:12     | Found Mofakkum's Weapon Shop.
 26910 | D:12     | Found a transporter.
 26911 | D:12     | Found a corrupted altar of Lugonu.
 26939 | D:12     | Noticed Gastronok
 27434 | D:12     | Killed Gastronok
 28150 | D:12     | Found a staircase to the Orcish Mines.
 28193 | Orc:1    | Entered Level 1 of the Orcish Mines
 28412 | Orc:2    | Entered Level 2 of the Orcish Mines
 28412 | Orc:2    | Found a staircase to the Elven Halls.
 28574 | Orc:2    | Noticed an orc warlord
 28607 | Orc:1    | Killed an orc warlord
 28608 | Orc:1    | Reached XP level 15. HP: 18/132 MP: 2/22
 29152 | Orc:2    | Found a runed translucent door.
 29156 | Orc:2    | Noticed Sabo's ghost (journeyman VSFi)
 29311 | Orc:2    | Found Xazxod's Antique Weapon Boutique.
 29338 | Orc:2    | Found Uteug's Magic Scroll Shoppe.
 29385 | Orc:2    | Reached skill level 15 in Evocations
 30022 | Orc:1    | Found a burning altar of Makhleb.
 30121 | Orc:2    | Noticed Erolcha
 30133 | Orc:2    | Killed Erolcha
 30185 | Orc:2    | Found Xyteuhux's Armour Shoppe.
 30185 | Orc:2    | Found Pitaun's Antique Armour Boutique.
 30259 | Orc:2    | Bought a scroll of fog for 60 gold pieces
 30259 | Orc:2    | Bought a scroll of fog for 60 gold pieces
 30259 | Orc:2    | Bought 2 scrolls of teleportation for 90 gold pieces
 30259 | Orc:2    | Bought a scroll of enchant armour for 112 gold pieces
 30528 | Orc:2    | Killed Sabo's ghost
 31176 | D:13     | Found Ibilumn's Weapon Shoppe.
 31194 | D:13     | Identified the +5 mace of Kusock {speed, rC+ SInv}
 32175 | D:13     | Found a gate to the Vaults.
 32440 | D:14     | Reached ****** piety under the Shining One
 32663 | D:14     | Reached skill level 16 in Evocations
 33976 | D:15     | Entered Level 15 of the Dungeon
 35292 | D:15     | Identified the +6 chain mail of the Lotus Blossom {-Cast
                  | rF+ rN+ Str+3}
 35388 | D:15     | Found a staircase to the Depths.
 35563 | D:15     | Reached XP level 16. HP: 120/141 MP: 19/24
 36226 | D:15     | Paralysed by an orc sorcerer for 3 turns
 36390 | D:15     | Reached skill level 17 in Evocations
 37044 | Swamp:1  | Entered Level 1 of the Swamp
 37044 | Swamp:1  | Found the dreamshard necklace {*Dream Drain}
 39239 | Swamp:2  | Noticed Louise
 39265 | Swamp:2  | HP: 4/144 [swamp worm (12)]
 40227 | Swamp:2  | Identified the +2 robe of the Jabberwock {Harm rC++ Dex-3}
 40277 | Swamp:2  | Killed Louise
 40482 | Swamp:3  | Noticed a tentacled monstrosity
 40848 | Swamp:3  | Found a frozen archway.
 40864 | Swamp:3  | HP: 5/144 [spriggan druid/+3 quarterstaff (8)]
 40865 | IceCv    | Entered an ice cave
 42149 | IceCv    | HP: 6/144 [reaper/+0 scythe of freezing (3)]
 42391 | Swamp:3  | HP: 7/144 [eleionoma/spray of wooden splinters (1)]
 42908 | Swamp:3  | Killed a tentacled monstrosity
 43099 | Swamp:3  | Slain by a spriggan rider

Illustrated notes

Levels and vault maps discovered:
D:1:      lightli_iron_boxes, layout_basic, chequers_ecumenical_altar_lobes,
          fountainhead, chequers_serial_rivers_micro_c
D:2:      layout_basic, uniq_sigmund
D:3:      layout_basic, serial_shops,
          nicolae_shop_temple_entry_statues_fountains
D:4:      layout_gridville, zin_purify, uniq_ijyb, uniq_pikel
D:5:      minmay_clustersquares, layout_cave_pods,
          riverfiend_overflow_shadow_ancestor, uniq_blork_the_orc
D:6:      layout_loops_corners, vehumet_altar_wand_db,
          minmay_temple_entry_statues_pillars, serial_bayou,
          serial_bayou_pond_c, serial_bayou_pond_a, serial_bayou_pond_d,
          serial_bayou_lagoon_b, minmay_misc_feat_five
D:7:      minmay_bubble_buster, layout_basic
D:8:      layout_rooms, uniq_maggie, uniq_psyche, uniq_amaemon
D:9:      layout_rooms, grunt_temple_overflow_open, david_lair_generic,
          serial_shops, nicolae_shop_mannequins,
          nicolae_shop_competitors_out_of_business, nicolae_stop_n_shop_2, shop,
          nicolae_shop_hallway_plus, worms_lemuel
D:10:     layout_loops_corners
D:11:     layout_long_grid, ebering_ghost_inner_flame,
          small_statue_intersection, nicolae_twisting_strands,
          serial_bayou_lagoon_a, uniq_sonja
D:12:     gammafunk_corrupted_shrine, layout_cave_pools, erik_orc_2,
          serial_shops, shop, kennysheep_mini, shop, uniq_gastronok
D:13:     layout_cross, hangedman_vaults_entry_quadrant_bands, serial_shops,
          shop
D:14:     layout_grid_maze, kennysheep_pointless_box
D:15:     hangedman_depths_entry_civil_slaughter, layout_irregular_city,
          chequers_big_river
Temple:   jpeg_temple_clearing
Lair:1:   layout_roguey, hellmonk_ghost_happy_afterlife, disabler_island
Lair:2:   regret_index_combs_of_tragedy, layout_chaotic_city,
          gauntlet_entry_generic, grunt_megastairs_2
Lair:3:   layout_roguey, swamp_mist, nicolae_snake_entry_warm_welcome,
          basic_altar, minmay_holes, serial_bayou_ford_a
Lair:4:   layout_cave_pods
Lair:5:   minmay_lair_end_enchanted_forest, layout_regular_city,
          nicolae_slime_entry_slimehenge, uniq_snorg
Swamp:1:  layout_falls_marsh, hangedman_swamp_lotus
Swamp:2:  layout_basic_swamp, hangedman_swamp_diagram, uniq_louise
Swamp:3:  layout_falls_marsh, portal_ice_cave_entry_pillars_1,
          hangedman_swamp_ruin_wall, infiniplex_staircase_pool
Slime:1:  nicolae_slime_jelly_donut, layout_caves,
          cheibrodos_slime_lost_civilization_5
Orc:1:    layout_diamond_mine, lemuel_statue_altar, bloody_makhleb
Orc:2:    st_orc_town, layout_caves, ebering_ghost_reflecting_pool, uniq_erolcha

Skill      XL: |  1  2  3  4  5  6  7  8  9 10 11 12 13 14 15 16 |
---------------+-------------------------------------------------+-----
Stealth        | 1 2 3 4 5 6 7 9 10 11 12 | 12.5
Fighting       | 3 4 5 6 8 9 11 12 13 | 13.6
Dodging        | 3 4 5 7 8 9 10 11 | 11.7
Evocations     | 4 5 6 8 9 12 14 16 17 | 17.8
Unarmed Combat | 1 4 6 8 9 10 11 12 | 12.7
Maces & Flails | 2 3 4 |  4.8
Invocations    | 1 5 6 7 9 10 11 12 | 12.3

Action                     |  1- 3 |  4- 6 |  7- 9 | 10-12 | 13-15 | 16-18 || total
---------------------------+-------+-------+-------+-------+-------+-------++-------
  Melee: Short sword       |   125 |   133 |    24 |       |       |       ||   282
         Tailslap          |    17 |    20 |    46 |   155 |   443 |   118 ||   799
         Club              |     1 |       |       |       |       |       ||     1
         Punch             |       |     4 |    11 |    49 |   219 |    74 ||   357
         Mace              |       |       |   328 |   131 |       |       ||   459
         Unarmed           |       |       |       |   537 |  1998 |   595 ||  3130
         Bite              |       |       |       |       |   289 |   104 ||   393
 Invoke: Divine Shield     |       |       |       |     4 |     3 |     5 ||    12
         Cleansing Flame   |       |       |       |       |     1 |    10 ||    11
         Summon Divine War |       |       |       |       |       |     2 ||     2
Ability: Breathe Acid      |       |       |    17 |    45 |   138 |    60 ||   260
  Evoke: Wand              |       |    13 |       |    11 |    12 |       ||    36
         Condenser vane    |       |       |       |       |     2 |     1 ||     3
    Use: Scroll            |     4 |     1 |     4 |    15 |    15 |     5 ||    44
         Potion            |       |       |       |    10 |     8 |     1 ||    19
   Stab: Sleeping          |     3 |     2 |     8 |       |       |       ||    13
         Distracted        |       |       |     2 |       |       |       ||     2
 Armour: Skin              |    38 |    33 |   159 |   234 |   889 |   326 ||  1679
  Dodge: Dodged            |    78 |    81 |   315 |   427 |  1506 |   403 ||  2810
  Block: Other             |       |       |       |    22 |    21 |    49 ||    92

Table legend: (Time is in decaauts)
 A = Elapsed time spent in this place.
 B = Non-inter-level travel time spent in this place.
 C = Inter-level travel time spent in this place.
 D = Time resting spent in this place.
 E = Time spent auto-exploring this place.
 F = Levels seen in this place.
 G = Mean time per level.
                   A        B        C        D        E       F      G
               +--------+--------+--------+--------+--------+-----+--------+
         Total |  42868 |  40520 |   2348 |   4816 |  25204 |  29 | 1478.2 |
       Dungeon |  22087 |  20666 |   1421 |   1339 |  13845 |  15 | 1472.5 |
        Temple |     96 |     78 |     18 |      0 |     58 |   1 |   96.0 |
          Lair |  11357 |  10726 |    631 |   1346 |   6618 |   5 | 2271.4 |
         Swamp |   4512 |   4377 |    135 |   1163 |   2403 |   3 | 1504.0 |
    Slime Pits |     87 |     87 |      0 |     13 |      0 |   1 |   87.0 |
  Orcish Mines |   2533 |   2392 |    141 |    393 |   1312 |   2 | 1266.5 |
      Ice Cave |   1506 |   1506 |      0 |    329 |    787 |   1 | 1506.0 |
      Gauntlet |    687 |    687 |      0 |    231 |    180 |   1 |  687.0 |
               +--------+--------+--------+--------+--------+-----+--------+

Top non-repeatable levels by time:
  Lair:5: 4184 daAuts
 Swamp:2: 2844 daAuts
    D:15: 2544 daAuts
    D:12: 2266 daAuts
  Lair:4: 2260 daAuts
  Lair:2: 2215 daAuts
    D:14: 1868 daAuts
    D:11: 1735 daAuts
     D:6: 1562 daAuts
  Lair:3: 1552 daAuts
   Orc:2: 1533 daAuts
   IceCv: 1506 daAuts
     D:8: 1409 daAuts
     D:2: 1403 daAuts
     D:9: 1294 daAuts
